 Dungeon Crawl Stone Soup version 0.21-a0-143-g1ab7d47 (webtiles) character file.

28 Leszczynek the Ruffian (level 2, 0/27 HPs)
             Began as a Troll Skald on July 25, 2017.
             Slain by Duvessa
             ... wielding a +0 short sword
              (5 damage)
             ... on level 4 of the Dungeon.
             The game lasted 00:04:02 (703 turns).

Leszczynek the Ruffian (Troll Skald)                 Turns: 703, Time: 00:04:03

Health: 0/27       AC:  5    Str: 18    XL:     2   Next: 96%
Magic:  2/2        EV: 10    Int:  9    God:
Gold:   88         SH:  0    Dex:  9    Spells: 0/3 levels left

rFire    . . .     SeeInvis .     - Unarmed
rCold    . . .     Gourm    +   (no shield)
rNeg     . . .     Faith    .   a - +0 robe
rPois    .         Spirit   .   (helmet restricted)
rElec    .         Reflect  .   (no cloak)
rCorr    .         Harm     .   (gloves unavailable)
MR       +....                  (boots unavailable)
Stlth    +.........             (no amulet)
HPRegen  0.49/turn              i - ring of protection from magic
MPRegen  0.08/turn              (no ring)

@: very slightly contaminated, invisible
A: unfitting armour, claws 3, fast metabolism 3, gourmand, regeneration 1,
shaggy fur 1, tough skin 2
a: no special abilities


You were on level 4 of the Dungeon.
You were not hungry.

You visited 1 branch of the dungeon, and saw 4 of its levels.

You collected 88 gold pieces.

Inventory:

Armour
 a - a +0 robe (worn)
Jewellery
 i - a ring of protection from magic (left claw)
Scrolls
 c - 2 scrolls of enchant armour {unknown}
 e - a scroll of remove curse {unknown}
 g - 4 scrolls of magic mapping
 j - a scroll of identify {unknown}
Books
 b - a book of Battle

   Spells                             Type                      Level
   a - Infusion                       Charms                       1
   b - Shroud of Golubria             Charms/Translocation         2
   c - Song of Slaying                Charms                       2
   d - Spectral Weapon                Hexes/Charms                 3
   e - Regeneration                   Charms/Necromancy            3
Comestibles
 d - 3 bread rations
 f - 3 royal jellies
 h - a meat ration


   Skills:
 - Level 1.5 Fighting
 - Level 1.9 Dodging
 + Level 3.5 Unarmed Combat
 - Level 1.2 Spellcasting
 - Level 2.0 Charms


You couldn't memorise any spells.
You knew the following spells:

 Your Spells              Type           Power        Failure   Level  Hunger
a - Infusion              Chrm           #...         16%         1    ##.....
b - Shroud of Golubria    Chrm/Tloc      #.........   36%         2    ###....


Dungeon Overview and Level Annotations

Branches:
Dungeon (4/15)
 Temple: D:4-7

Altars:
Fedhas
Okawaru
Sif Muna

Annotations:
D:4 Dowan, Duvessa


Innate Abilities, Weirdness & Mutations

You are too large for most types of armour.
You have claws for hands.
Your metabolism is lightning-fast.
You like to eat raw meat.
Your natural rate of healing is unusually fast.
You are covered in fur. (AC +1)
You have very tough skin. (AC +2)


Message History

Unknown command.
You scratch Duvessa.
Duvessa is almost dead.
Duvessa says, "When magic and the sword combine, nothing stands against them."
Duvessa misses you.
You scratch Duvessa but do no damage.
Duvessa is almost dead.
Duvessa barely misses you. x2
You barely miss Duvessa.
Duvessa is almost dead.
Duvessa hits you but does no damage.
You strike the helpless Duvessa from behind!
You scratch Duvessa but do no damage.
Duvessa is almost dead.
Duvessa hits you with a short sword.
* * * LOW HITPOINT WARNING * * *
You scratch Duvessa but do no damage.
Duvessa is almost dead.
Duvessa hits you with a short sword.
You die...

..e.....# #.# #.#
.#...#..# #.# #.#
,##.##..# *.# ##.#
,,..,...# *,* #..#
*#..,#..# *,* #.##
*,,,,,** *,* #.#
*,,**** **,**#e# *,**
**<,,*#e# *,*
**,,,,,#@#* *,*
*.....?%#.#*** *,*
*......#*#..,*
**,******......,*,##.#
*,,,,,,,,.....,*,***,#*
*,,***,**##...**,* *,,*
,,,*,,,* ###***,* **,*
,,,,,,** *,* *,*
,,,,,,,**** *,* *,*


You could see Duvessa and Dowan.

Vanquished Creatures
  An ooze (D:1)
  A dart slug (D:1)
  4 goblins
  5 hobgoblins
  4 bats
  2 kobolds (D:2)
  4 rats
21 creatures vanquished.

Notes
Turn   | Place    | Note
-------+----------+-------------------------------------------
     0 | D:1      | Leszczynek the Troll Skald began the quest for the Orb.
     0 | D:1      | Reached XP level 1. HP: 19/19 MP: 1/1
    78 | D:1      | Reached XP level 2. HP: 27/27 MP: 2/2
    82 | D:1      | Reached skill level 3 in Unarmed Combat
   221 | D:2      | Learned a level 2 spell: Shroud of Golubria
   450 | D:3      | Found a deep blue altar of Sif Muna.
   450 | D:3      | Found a blossoming altar of Fedhas.
   468 | D:3      | damn
   468 | D:3      | fedhas?
   468 | D:3      | for extended?
   468 | D:3      | mehhhhhh
   649 | D:4      | Found an iron altar of Okawaru.
   649 | D:4      | Noticed Duvessa
   649 | D:4      | Noticed Dowan
   679 | D:4      | HP: 1/27 [Duvessa/short sword (7)]
   693 | D:4      | HP: 4/27 [Duvessa/short sword (4)]
   702 | D:4      | HP: 4/27 [Duvessa/short sword (4)]
   703 | D:4      | Slain by Duvessa

Vault maps used:
D:1:      saegor_arrival_simple_b, serial_forest, infiniplex_forest_clump_large,
          infiniplex_forest_lined_room_3, infiniplex_forest_straight_2,
          infiniplex_forest_lined_3, infiniplex_forest_3_way,
          infiniplex_forest_clump_double, infiniplex_forest_straight_4,
          minmay_pentomino_x2
D:2:      grunt_dithmenos_smoke_and_mirrors, first_bread,
          kennysheep_minor_cross, minmay_misc_feat_five, uniq_robin
D:3:      gammafunk_temple_overflow_elements, old_standard_altar,
          lemuel_blue_sif_altar
D:4:      corexii_shantytown, okawaru_gym_becter, minmay_stone_trees_small,
          uniq_duvessa

Skill      XL: |  1  2 |
---------------+-------+-----
Unarmed Combat | 3 |  3.5
Fighting       | |  1.5
Dodging        | |  1.9
Spellcasting   | |  1.2
Charms         | |  2.0

Action                   || total
-------------------------++-------
Melee: Unarmed           ||    88
  Use: Scroll            ||     1
       Potion            ||     1
 Stab: Invisible         ||     1
  Eat: Chunk             ||     6
Armor: Robe              ||    25
Dodge: Dodged            ||    60
